 Dungeon Crawl Stone Soup version 0.30.1-11-g7821555f0a (webtiles) character file.

Game seed: 661351095143842657

35 Ijustatesigmund the Firebug (level 3, -7/20 HPs)
             Began as a Tengu Fire Elementalist on Dec 14, 2023.
             Killed from afar by Natasha (9 damage)
             ... with a magic dart
             ... on level 2 of the Dungeon.
             The game lasted 00:02:26 (1564 turns).

Ijustatesigmund the Firebug (TeFE)                  Turns: 1564, Time: 00:02:26

Health: -7/20      AC:  2    Str:  7 (8)  XL:     3   Next: 35%
Magic:  4/7        EV: 12    Int: 16 (17) God:
Gold:   81         SH:  0    Dex: 12 (14) Spells: 6/7 levels left

rFire   . . .        f - +1 whip (freeze)
rCold   . . .        (no shield)
rNeg    . . .        a - +0 robe
rPois   .            (helmet restricted)
rElec   .            (no cloak)
rCorr   .            (no gloves)
SInv    .            (boots unavailable)
Will    .....        (no amulet)
Stlth   ++           (no ring)
HPRegen 0.23/turn    (no ring)
MPRegen 0.10/turn

%: no passive effects
@: no status effects
A: beak, talons 3
a: no special abilities


You were on level 2 of the Dungeon.
You visited 1 branch of the dungeon, and saw 2 of its levels.

You collected 81 gold pieces.

Inventory:

Hand Weapons
 f - a +1 whip of freezing (weapon)
Armour
 a - a +0 robe (worn)
Jewellery
 g - a ring of flight
Scrolls
 c - a scroll of enchant armour {unknown}
 h - 3 scrolls of teleportation {unknown}
 i - a scroll of enchant weapon {unknown}
 k - a scroll of noise {unknown}
 l - 2 scrolls of identify {unknown}
 m - a scroll of brand weapon {unknown}
Potions
 b - 2 potions of magic
 d - a potion of invisibility {unknown}
 e - a potion of mutation {unknown}
 n - a potion of lignification {unknown}
 o - a potion of brilliance {unknown}
 p - a potion of cancellation {unknown}


   Skills:
 + Level 1.4 Fighting
 - Level 2.1 Dodging
 - Level 2.0 Stealth
 + Level 2.5 Spellcasting
 - Level 1.3 Conjurations
 + Level 3.8 Fire Magic


You had 6 spell levels left.
You knew the following spells:

 Your Spells              Type           Power      Damage    Failure   Level
a - Foxfire               Conj/Fire      40%        2x1d6     7%          1

Your spell library contained the following spells:

 Spells                   Type           Power      Damage    Failure   Level
 Scorch                   Fire           28%        2d6       6%          2
 Beastly Appendage        Tmut           4%         N/A       21%         1
 Inner Flame              Hex/Fire       8%         N/A       26%         3
 Volatile Blastmotes      Fire/Tloc      16%        2d11      26%         3
 Wereblood                Tmut           2%         N/A       30%         2
 Spider Form              Tmut/Pois      2%         N/A       52%         3
 Flame Wave               Conj/Fire      10%        2d6       54%         4


Dungeon Overview and Level Annotations

Branches:
Dungeon (2/15)

Altars:
Wu Jian

Shops:
D:1 :

Annotations:
D:2 1 runed translucent door, Crazy Yiuf, Natasha


Innate Abilities, Weirdness & Mutations

You have a beak for a mouth.
You have claws for feet.


Message History

You now have 81 gold pieces (gained 6).
Found a stone staircase leading up.
You open the door.
There is an open door here.
p - a coppery potion
b - 2 potions of magic (gained 1)
You open the door. As you open the door, it creaks loudly!
There is an open door here.
You open the door.
There is an open door here.
Natasha, Servant of Life and Death comes into view.
Casting: Foxfire (safe; 6% risk of failure)
Confirm with . or Enter, or press ? or * to list all spells.
You conjure some foxfire!
Casting: Foxfire (safe; 6% risk of failure)
Confirm with . or Enter, or press ? or * to list all spells.
You conjure some foxfire!
The foxfire hits Natasha.
Natasha is moderately wounded.
The foxfire hits Natasha.
Natasha is heavily wounded.
Natasha casts a spell.
Casting: Foxfire (safe; 6% risk of failure)
Confirm with . or Enter, or press ? or * to list all spells.
You conjure some foxfire!
Natasha claws you. The cerulean imp barely misses you.
The foxfire hits Natasha.
Natasha is heavily wounded.
The foxfire hits Natasha but does no damage.
Natasha is heavily wounded.
Natasha claws you!
* * * LOW HITPOINT WARNING * * *
The cerulean imp hits you from afar with a +1 spear.
* * * LOW HITPOINT WARNING * * *
It was a potion of degeneration.
There was something very wrong with that liquid.
You feel weakened.
You feel dopey.
You feel clumsy.
Natasha stares at you and mumbles some strange words.
The magic dart hits you!
You die...

## #.#...'........# #
#.#.###........#
####.#.####'#+#####
#..#.#............#
#..#.#.......####.#
'..#.#.......####.######
#....#.......'..........
######.......####.......
........###.@h.#.
########....#.5.....
#.####..#.... #.# ..#
... #.# #.# . #.# .# #.#
.. #.# ## #..


You could see Natasha and a cerulean imp (summoned).

Vanquished Creatures
  4 endoplasms (D:1)
  2 giant cockroaches (D:1)
  5 goblins (D:1)
  3 hobgoblins
  2 quokkas (D:1)
  5 ball pythons (D:1)
  A bat (D:2)
  2 frilled lizards (D:1)
  5 kobolds
  2 rats (D:1)
31 creatures vanquished.

Vanquished Creatures (others)
  82 foxfires
82 creatures vanquished.

Grand Total: 113 creatures vanquished

Notes
Turn   | Place    | Note
-------+----------+-------------------------------------------
     0 | D:1      | Ijustatesigmund the Tengu Fire Elementalist began the quest
                  | for the Orb.
     0 | D:1      | Reached XP level 1. HP: 10/10 MP: 4/4
   140 | D:1      | Found Vorphay's Vocational Training.
   160 | D:1      | Reached XP level 2. HP: 16/16 MP: 0/6
   592 | D:1      | Reached skill level 1 in Fighting
   676 | D:1      | Reached XP level 3. HP: 20/20 MP: 0/7
  1306 | D:2      | Found a runed translucent door.
  1307 | D:2      | Noticed Crazy Yiuf
  1340 | D:2      | Found an ornate altar of the Wu Jian Council.
  1555 | D:2      | Noticed Natasha
  1564 | D:2      | Killed from afar by Natasha

Illustrated notes

Levels and vault maps discovered:
D:1:      lemuel_arrival_tunnels, layout_loops_ring,
          hangedman_abyss_or_decor_lesser_grid, nicolae_shop_vocational
D:2:      layout_basic, basic_altar, uniq_crazy_yiuf_cottage, uniq_natasha

Skill      XL: |  1  2 |
---------------+-------+-----
Fighting       | 1 |  1.4
Dodging        | |  2.1
Stealth        | |  2.0
Spellcasting   | |  2.5
Conjurations   | |  1.3
Fire Magic     | |  3.8

Action                     || total
---------------------------++-------
  Melee: Kick              ||     2
         Unarmed           ||     1
         Peck              ||     1
         Whip              ||     6
   Cast: Foxfire           ||    55
    Use: Potion            ||     1
  Dodge: Dodged            ||     8
